 Dungeon Crawl Stone Soup version 0.20-a0-59-g66a9409 (webtiles) character file.

51 KristoblXynda the Chopper (level 3, -7/30 HPs)
             Began as a Minotaur Skald on Nov 16, 2016.
             Mangled by Crazy Yiuf
             ... wielding a +3 quarterstaff of chaos
              (8 damage)
             ... on level 2 of the Dungeon.
             The game lasted 00:03:39 (1808 turns).

KristoblXynda the Chopper (Minotaur Skald)          Turns: 1808, Time: 00:03:40

Health: -7/30      AC:  5    Str: 20 (21) XL:     3   Next: 58%
Magic:  4/4        EV: 11    Int:  8 (10) God:
Gold:   109        SH:  0    Dex:  6 (9)  Spells: 0 memorised, 4 levels left

rFire  . . .     SeeInvis .     p - -1 mace (curse)
rCold  + . .     Gourm    .     j - +1 leather armour {rC+}
rNeg   . . .     Faith    .     (no shield)
rPois  .         Spirit   .     (helmet restricted)
rElec  .         Reflect  .     (no cloak)
rCorr  .         Harm     .     (no gloves)
MR     .....                    o - +0 pair of boots
Stlth  +.........               (no amulet)
                                (no ring)
                                (no ring)

@: mighty, drained
A: retaliatory headbutt, horns 2
a: no special abilities


You were on level 2 of the Dungeon.
You were not hungry.

You visited 1 branch of the dungeon, and saw 2 of its levels.

You collected 109 gold pieces.

Inventory:

Hand Weapons
 a - a +0 hand axe
 b - a cursed -2 hand axe
 k - a +0 mace
 p - a cursed -1 mace (weapon)
Armour
 j - a +1 leather armour of cold resistance (worn)
 o - a +0 pair of boots (worn)
Scrolls
 e - a scroll of enchant armour
 l - a scroll of amnesia
Potions
 f - a potion of curing {unknown}
 g - 2 potions of degeneration
Books
 c - a book of Battle

   Spells                             Type                      Level
   a - Infusion                       Charms                       1
   b - Shroud of Golubria             Charms/Translocation         2
   c - Song of Slaying                Charms                       2
   d - Spectral Weapon                Hexes/Charms                 3
   e - Regeneration                   Charms/Necromancy            3
Comestibles
 d - a bread ration
 m - a slice of pizza


   Skills:
 - Level 2.4(2.1) Fighting
 + Level 3.4(3.1) Axes
 + Level 2.8(2.5) Armour
 - Level 1.1(0.8) Dodging
 - Level 1.3(1.1) Spellcasting
   Level 2.3(2.0) Charms


You had 4 spell levels left.
You didn't know any spells.

Dungeon Overview and Level Annotations

Branches:
Dungeon (2/15)

Altars:
Okawaru

Annotations:
D:2 Crazy Yiuf


Innate Abilities, Weirdness & Mutations

You reflexively headbutt those who attack you in melee.
You have a pair of horns on your head.


Message History

Crazy Yiuf hits you with a quarterstaff of chaos!
Crazy Yiuf burns you.
Crazy Yiuf hits you with a quarterstaff of chaos.
You thump Crazy Yiuf!
Crazy Yiuf is moderately wounded.
Crazy Yiuf screams, "Fire!
Ghoul forty-two fast."
Crazy Yiuf hits you with a quarterstaff of chaos.
Space bends around you.
You sock Crazy Yiuf! Your headbutt misses Crazy Yiuf.
Crazy Yiuf is severely wounded.
Crazy Yiuf cries, "Gum!
Snurf toodlewoodle chair."
Crazy Yiuf hits you with a quarterstaff of chaos!
* * * LOW HITPOINT WARNING * * *
You feel drained.
* * * LOW HITPOINT WARNING * * *
It was a potion of degeneration.
There was something very wrong with that liquid.
You feel weakened.
You feel dopey.
You feel clumsy.
Crazy Yiuf hits you with a quarterstaff of chaos!
You die...

#+..'# #...#
#.... ♣P.P♣♣
###.# #.... ♣.PP♣
#.# #.... ♣♣)♣♣
###.####.... ♣)♣♣
#........... ♣♣.♣
#.#.###..... ♣)♣♣
#.#.###..#.. ♣♣)♣
#.#......#..
*#@#*
#...##...#..
#)g)#
#...##...##.
#)))#
#...##...###
#).)# #...##...#
##### #....#...#
#........#
########....##..#
#...........##..#
#...........##..#


You could see Crazy Yiuf.

Vanquished Creatures
  A gnoll (D:1)
  An ooze (D:1)
  4 dart slugs
  2 ball pythons (D:1)
  2 bats
  A giant cockroach (D:1)
  3 goblins
  6 hobgoblins
  4 kobolds
  A frilled lizard (D:1)
  3 rats (D:1)
  A fungus (D:2)
29 creatures vanquished.

Notes
Turn   | Place    | Note
-------+----------+-------------------------------------------
     0 | D:1      | KristoblXynda the Minotaur Skald began the quest for the Orb.
     0 | D:1      | Reached XP level 1. HP: 18/18 MP: 1/1
   156 | D:1      | Reached XP level 2. HP: 11/25 MP: 3/3
   321 | D:1      | Reached skill level 3 in Axes
   325 | D:1      | Reached XP level 3. HP: 19/30 MP: 4/4
  1185 | D:2      | Found a runed door.
  1283 | D:2      | Found an iron altar of Okawaru.
  1802 | D:2      | Noticed Crazy Yiuf
  1807 | D:2      | HP: 1/30 [Crazy Yiuf/quarterstaff of chaos (2)]
  1808 | D:2      | Mangled by Crazy Yiuf

Vault maps used:
D:1:      dpeg_arrival_shelter
D:2:      okawaru_ov_weapons_minmay, minmay_distorted, uniq_crazy_yiuf_cottage

Skill      XL: |  1  2 |
---------------+-------+-----
Armour         | 2 |  2.8
Axes           | 3 |  3.4
Fighting       | |  2.4
Dodging        | |  1.1
Spellcasting   | |  1.3
Charms         | |  2.3

Action                   || total
-------------------------++-------
Melee: Hand axe          ||    52
       Headbutt          ||    12
       Mace              ||    17
  Use: Scroll            ||     7
       Potion            ||     2
  Eat: Bread ration      ||     1
       Fruit             ||     1
Armor: Leather armour    ||    13
Dodge: Dodged            ||    41
